 Dungeon Crawl Stone Soup version 0.31-a0-102-g33a4ccc0cb (webtiles) character file.

Game seed: 4186339785161253271

32 sanka the Conjurer (level 3, 26/26 HPs)
             Began as a Ghoul Conjurer on May 6, 2023.
             Quit the game on level 1 of the Dungeon on May 26, 2023.
             The game lasted 00:02:48 (1285 turns).

sanka the Conjurer (Ghoul Conjurer)                 Turns: 1285, Time: 00:02:48

Health: 26/26      AC:  3    Str: 10    XL:     3   Next: 27%
Magic:  5/5        EV: 11    Int: 15    God:
Gold:   46         SH:  0    Dex:  7    Spells: 3/6 levels left

rFire   . . .        (no weapon)
rCold   + . .        (no shield)
rNeg    + + +        a - +0 robe
rPois   ∞            d - +0 helmet
rElec   .            (no cloak)
rCorr   .            (no gloves)
SInv    .            (no boots)
Will    .....        (no amulet)
Stlth   ++           (no ring)
HPRegen 0.24/turn    (no ring)
MPRegen 0.09/turn

%: no passive effects
@: no status effects
A: claws 1, cold resistance 1, negative energy resistance 3, inhibited
regeneration, torment resistance 2, devour on kill
a: no special abilities


You were on level 1 of the Dungeon.
You visited 1 branch of the dungeon, and saw 1 of its levels.

You collected 46 gold pieces.


Innate Abilities, Weirdness & Mutations

You are immune to poison.
You have sharp fingernails.
Your flesh is cold resistant. (rC+)
You are immune to negative energy. (rN+++)
You do not regenerate when monsters are visible.
You are immune to unholy pain and torment.
You thrive by killing the living.


   Skills:
 - Level 1.7 Dodging
 - Level 2.1 Stealth
 - Level 2.0 Spellcasting
 + Level 4.1 Conjurations


You had 3 spell levels left.
You knew the following spells:

 Your Spells              Type           Power      Damage    Failure   Level
x - Searing Ray           Conj           26%        2d5       6%          2
z - Magic Dart            Conj           52%        1d5       4%          1

Your spell library contained the following spells:

 Spells                   Type           Power      Damage    Failure   Level
 Dazzling Flash           Conj/Hex       12%        N/A       32%         3
 Frozen Ramparts          Ice            2%         1d1       54%         3
 Ignite Poison            Fire/Tmut/Pois 0%         N/A       61%         3
 Fulminant Prism          Conj/Hex       3%         3d5       71%         4
 Iskenderun's Mystic Bla  Conj/Tloc      6%         2d4       71%         4
 Sticky Flame             Conj/Fire      6%         2d3       71%         4
 Summon Ice Beast         Ice/Summ       0%         N/A       94%         4
 Ignition                 Fire           0%         3d3       100%        8
 Ice Form                 Ice/Tmut       Unusable   N/A       N/A         4

Inventory:

Armour
 a - a +0 robe (worn)
 d - a +0 helmet (worn)
Scrolls
 e - 2 scrolls of teleportation {unknown}
 f - a scroll of identify {unknown}
 g - a scroll of immolation {unknown}
 h - a scroll of noise {unknown}
Potions
 b - a potion of magic
 c - a potion of heal wounds {unknown}
 i - a potion of curing {unknown}

Dungeon Overview and Level Annotations

Branches:
Dungeon (1/15)

Altars:

.▒ ▒.▒ ▒▒▒▒..▒ ▒▒ ▒.▒ ▒..▒
▒▒▒▒▒▒▒▒▒▒▒▒▒ ▒ ▒.▒ ▒..▒
▒...........▒ ▒▒▒▒▒▒.▒
▒..▒▒▒▒>.▒▒▒.▒▒▒..▒▒▒
.......▒ ▒........▒ ▒.▒
▒..... ..▒▒▒▒▒▒
▒.▒▒▒▒▒..▒▒▒.▒ ▒.▒▒▒▒ ..▒
▒▒▒▒▒▒▒▒▒.▒▒▒▒ ▒....▒ ▒.▒
..▒ ▒...?........▒ ▒....▒
▒.▒ .▒▒ ▒.▒▒▒▒▒▒..▒▒n▒
▒..▒▒▒ ▒.▒
.▒▒▒▒.▒▒▒PPP.PPPPPPP▒..▒
▒.▒
.▒.......P.......P.P▒..▒
▒.▒▒▒▒
.▒.▒▒▒▒▒.PPPPPPP.P.P▒..▒
▒..... .▒.▒
▒.P...P.....P▒..▒▒▒▒▒..▒▒▒
...▒
▒.P.P.P.PPP.P▒.........▒..
...▒
▒.P.P.P.P)..P..▒▒▒▒▒▒▒.▒.▒
▒..▒▒▒▒▒.PPP.PPP.PPP▒▒▒
▒....
..÷.)....P....†....P▒
▒▒▒.▒


There were no monsters in sight!


Message History

Options error: Unknown monster: "queen ant:lightgreen B" (~/.crawlrc:1492) Options error: Unknown monster: "soldier ant:white B" (~/.crawlrc:1493) Options error: Unknown monster: "blood saint:9" (~/.crawlrc:1525) Options error: Unknown monster: "warmonger:9" (~/.crawlrc:1526) Options error: Unknown monster: "corrupter:9" (~/.crawlrc:1527) Options error: Unknown monster: "black sun:9" (~/.crawlrc:1528) Options error: Unknown monster: "greater mummy:lightmagenta M" (~/.crawlrc:1534) Bad channel name 'Jiyva says' for runrest: 'Jiyva says: Divide and consume' Options error: Missing colour in message_colour setting: 'or press \? or \* to list all spells\.' Options error: Missing colour in message_colour setting: 'Shift-Dir - straight line' Options error: Missing colour in message_colour setting: 'f - you' Welcome back, sanka the Ghoul Conjurer.
Options error: Bad object type '%' for autopickup. (~/.crawlrc:98) Options error: Extraneous enemy hp color values ignored in 'green green brown brown magenta red lightgrey' (~/.crawlrc:1371) Bad monster_list_colour key: strict_neutral Options error: Unknown monster: "worker ant:red B" (~/.crawlrc:1491) Options error: Unknown monster: "queen ant:lightgreen B" (~/.crawlrc:1492) Options error: Unknown monster: "soldier ant:white B" (~/.crawlrc:1493) Options error: Unknown monster: "blood saint:9" (~/.crawlrc:1525) Options error: Unknown monster: "warmonger:9" (~/.crawlrc:1526) Options error: Unknown monster: "corrupter:9" (~/.crawlrc:1527) Options error: Unknown monster: "black sun:9" (~/.crawlrc:1528) Options error: Unknown monster: "greater mummy:lightmagenta M" (~/.crawlrc:1534) Bad channel name 'Jiyva says' for runrest: 'Jiyva says: Divide and consume' Options error: Missing colour in message_colour setting: 'or press \? or \* to list all spells\.' Options error: Missing colour in message_colour setting: 'Shift-Dir - straight line' Options error: Missing colour in message_colour setting: 'f - you' Welcome back, sanka the Ghoul Conjurer.
Unknown command.
Are you sure you want to abandon this character and quit the game? (Confirm with "yes".)

Action                     || total
---------------------------++-------
  Melee: Unarmed           ||    65
   Cast: Magic Dart        ||    38
 Armour: Robe              ||    16
  Dodge: Dodged            ||    40

Levels and vault maps discovered:
D:1:      minmay_arrival_pointy, layout_loops_ring,
          chequers_ecumenical_altar_island, minmay_hedge_maze

Notes
Turn   | Place    | Note
-------+----------+-------------------------------------------
     0 | D:1      | sanka the Ghoul Conjurer began the quest for the Orb.
     0 | D:1      | Reached XP level 1. HP: 14/14 MP: 2/2
   170 | D:1      | Reached skill level 2 in Spellcasting
   387 | D:1      | Reached XP level 2. HP: 20/20 MP: 0/4
   576 | D:1      | Learned a level 2 spell: Searing Ray
   736 | D:1      | Found a faded altar of an unknown god.
   819 | D:1      | Reached XP level 3. HP: 26/26 MP: 1/5
   928 | D:1      | Reached skill level 4 in Conjurations
   928 | D:1      | Upgraded the game from 0.31-a0-8-gd14b0f4ee2 to
                  | 0.31-a0-14-gc80a10f4b6
   928 | D:1      | Upgraded the game from 0.31-a0-14-gc80a10f4b6 to
                  | 0.31-a0-18-gea43df2a32
  1285 | D:1      | Upgraded the game from 0.31-a0-18-gea43df2a32 to
                  | 0.31-a0-37-g98a128e1d9
  1285 | D:1      | Upgraded the game from 0.31-a0-37-g98a128e1d9 to
                  | 0.31-a0-102-g33a4ccc0cb
  1285 | D:1      | Quit the game

Vanquished Creatures
  4 endoplasms (D:1)
  2 giant cockroaches (D:1)
  4 goblins (D:1)
  3 hobgoblins (D:1)
  2 jackals (D:1)
  A kobold (D:1)
  2 quokkas (D:1)
  4 ball pythons (D:1)
  A bat (D:1)
  2 frilled lizards (D:1)
  3 rats (D:1)
28 creatures vanquished.
